 Dungeon Crawl Stone Soup version 0.31.0-11-ge490571c62 (webtiles) character file.

Game seed: 15610119782368602784

2392 oldriver the Fighter (level 9, -2/77 HPs)
             Began as a Formicid Alchemist on Feb 2, 2024.
             Was an Initiate of Ru.
             Slain by a wyvern (14 damage)
             ... on level 7 of the Dungeon on Feb 3, 2024.
             The game lasted 00:18:10 (11765 turns).

oldriver the Fighter (Formicid Alchemist)          Turns: 11765, Time: 00:18:10

Health: -2/77      AC:  6    Str: 14    XL:     9   Next: 74%
Magic:  12/12      EV: 11    Int: 14    God:    Ru [......]
Gold:   243        SH:  6    Dex: 18    Spells: 11/12 levels left

rFire   + . .        a - +1 sling
rCold   . . .        x - +0 buckler
rNeg    . . .        d - +3 leather armour
rPois   .            (helmet unavailable)
rElec   .            (no cloak)
rCorr   +            (no gloves)
SInv    +            (no boots)
Will    .....        j - amulet of the acrobat
Stlth   +++          f - ring of protection from fire
HPRegen 0.32/turn    l - ring of resist corrosion
MPRegen 0.13/turn

%: acrobat
@: no status effects
A: permanent stasis, dig shafts and tunnels, antennae 3, four strong arms
a: Dig, Shaft Self, Renounce Religion


You were on level 7 of the Dungeon.
You worshipped Ru.
Ru was noncommittal.
You visited 2 branches of the dungeon, and saw 10 of its levels.
You also visited: Sewer.

You collected 243 gold pieces.

Inventory:

Hand Weapons
 a - a +1 sling (weapon)
 b - a +1 dagger of speed
 c - a +3 dagger
Missiles
 e - 24 poisoned darts
 r - 11 curare-tipped darts
Armour
 d - a +3 leather armour (worn)
 x - a +0 buckler (worn)
Jewellery
 f - a ring of protection from fire (left hand)
 g - a ring of flight
 j - an amulet of the acrobat (around neck)
 l - a ring of resist corrosion (right hand)
 t - an amulet of regeneration
Wands
 k - a wand of charming (15)
 w - a wand of mindburst (5)
Scrolls
 o - a scroll of butterflies
Potions
 i - 2 potions of haste
 n - 2 potions of lignification
 p - a potion of cancellation
 q - 2 potions of mutation {unknown}
 u - a potion of brilliance {unknown}


   Skills:
 + Level 9.6 Fighting
 + Level 6.7 Ranged Weapons
 - Level 2.0 Armour
 - Level 2.0 Dodging
 + Level 4.7 Stealth
 + Level 4.6 Shields
 - Level 2.1 Spellcasting
 - Level 0.8 Conjurations
 - Level 4.0 Alchemy


You had 11 spell levels left.
You knew the following spells:

 Your Spells              Type           Power      Damage    Failure   Level
a - Sting                 Conj/Alch      32%        1d5       14%         1

Your spell library contained the following spells:

 Spells                   Type           Power      Damage    Failure   Level
 Mercury Vapours          Alch/Air       14%        N/A       26%         2
 Mephitic Cloud           Conj/Alch/Air  6%         N/A       50%         3
 Olgreb's Toxic Radiance  Alch           12%        N/A       58%         4
 Call Canine Familiar     Summ           1%         N/A       75%         3
 Sigil of Binding         Hex            1%         N/A       75%         3
 Sticky Flame             Fire/Alch      7%         2d4       86%         4
 Dimensional Bullseye     Hex/Tloc       0%         N/A       98%         4


Dungeon Overview and Level Annotations

Branches:
Dungeon (9/15)             Temple (1/1) D:6           Sewer (visited)
   Lair: D:8-11         Orc: D:9-12

Altars:
Ashenzari
Cheibriados
Dithmenos
Elyvilon
Fedhas
Gozag
Hepliaklqana
Kikubaaqudgha
Makhleb
Nemelex Xobeh
Okawaru
Qazlal
Ru
Sif Muna
Trog
Uskayaw
Vehumet
Wu Jian
Xom
Yredelemnul
Zin
The Shining One

Shops:
D:3 (

Annotations:
D:3 2 transporters, pigah's ghost, amateur FoHu


Innate Abilities, Weirdness & Mutations

You cannot be hasted, slowed, berserked, paralysed or teleported.
You can dig through walls and to a lower floor.
You have a pair of large antennae on your head. (SInv)
Your four strong arms can wield two-handed weapons with a shield.


Message History

The wyvern is lightly wounded.
The wyvern bites you. The wyvern bites you!
You shoot a sling bullet.
The sling bullet hits the wyvern but does no damage.
The wyvern is lightly wounded.
The wyvern bites you.
You shoot a sling bullet.
The sling bullet hits the wyvern but does no damage.
The wyvern is lightly wounded.
The wyvern misses you. The wyvern closely misses you.
You shoot a sling bullet. The sling bullet hits the wyvern!
The wyvern is heavily wounded.
The wyvern bites you!
The wyvern bites you but does no damage.
You shoot a sling bullet.
The sling bullet closely misses the wyvern.
The wyvern bites you! x2
You are too injured to fight recklessly!
You are too injured to fight recklessly!
Fire: a) +1 sling
Press: ? - help, Shift-Dir - straight line, f/p - wyvern
Aim: a wyvern (heavily wounded, 67% to hit)
You shoot a sling bullet.
The sling bullet closely misses the wyvern.
The wyvern bites you.
Unknown command.
Fire: a) +1 sling
Press: ? - help, Shift-Dir - straight line, f/p - wyvern
Aim: a wyvern (heavily wounded, 67% to hit)
You shoot a sling bullet.
The sling bullet barely misses the wyvern.
The wyvern bites you!
* * * LOW HITPOINT WARNING * * *
The wyvern bites you but does no damage.
Aiming: Mindburst
Press: ? - help, Shift-Dir - straight line, f/p - wyvern
Aim: a wyvern (moderately wounded, chance to affect: 64%)
The wyvern's mind is blasted!
The wyvern closely misses you. The wyvern bites you!
You die...

.##.# #h# .# . ..
#. .. .#. ## #.
.##. #. .# .# #.
######.##
........#######.#
#.#....†..@k...#
#^###..#########
#8# #.....#
#^####.##.#
.#.#....##.#
.#...#####.#
.##### #.# ## #.#
#.# ##. #.####
#.#


You could see a wyvern.

Vanquished Creatures
  Grinder (D:3)
  Sigmund (D:3)
  A water moccasin (D:7)
  A black bear (D:6)
  An ice beast (D:6)
  3 ogres
  2 phantoms (D:5)
  A kobold brigand (Sewer)
  A jelly (D:5)
  3 scorpions
  5 wights
  3 killer bees (D:6)
  A howler monkey (D:7)
  A bombardier beetle (D:5)
  2 orc priests
  2 hounds
  3 iguanas (D:5)
  A sleepcap (D:4)
  2 orc wizards
  Robin (D:3)
  A gnoll (D:1)
  6 adders
  4 ufetubi (D:6)
  3 ribbon worms (Sewer)
  2 dart slugs (D:1)
  17 orcs
  12 endoplasms
  9 giant cockroaches
  13 goblins
  10 hobgoblins
  2 jackals (D:1)
  9 kobolds
  4 quokkas
  10 ball pythons
  7 bats
  3 frilled lizards (D:1)
  20 rats
168 creatures vanquished.

Vanquished Creatures (collateral kills)
  A ball python (Sewer)
1 creature vanquished.

Vanquished Creatures (others)
  Prince Ribbit (D:5)
1 creature vanquished.

Grand Total: 170 creatures vanquished

Notes
Turn   | Place    | Note
-------+----------+-------------------------------------------
     0 | D:1      | oldriver the Formicid Alchemist began the quest for the
                  | Orb.
     0 | D:1      | Reached XP level 1. HP: 13/13 MP: 3/3
    91 | D:1      | Reached skill level 1 in Fighting
   126 | D:1      | Reached skill level 2 in Fighting
   126 | D:1      | Reached XP level 2. HP: 9/22 MP: 1/5
   358 | D:1      | Reached XP level 3. HP: 27/28 MP: 1/6
   584 | D:1      | Reached skill level 3 in Fighting
  1032 | D:1      | Reached XP level 4. HP: 35/35 MP: 5/7
  1799 | D:2      | Found a faded altar of an unknown god.
  2384 | D:3      | Found Wuog's Antique Weapon Shoppe.
  2398 | D:3      | Found a radiant altar of Vehumet.
  2406 | D:3      | Noticed Grinder
  2444 | D:3      | Noticed Robin
  2446 | D:3      | Reached skill level 4 in Fighting
  2469 | D:3      | Killed Robin
  2803 | D:3      | Found a transporter.
  2803 | D:3      | Noticed pigah's ghost (amateur FoHu)
  2805 | D:3      | Noticed an ogre
  2806 | D:3      | Identified the +9 great mace "Mestaere" {freeze, *Noise
                  | MP+9 Str+3}
  2806 | D:3      | Noticed an ogre
  2809 | D:3      | Found a transporter.
  2931 | D:3      | Reached XP level 5. HP: 43/43 MP: 4/8
  3059 | D:3      | Killed Grinder
  3060 | D:3      | Reached skill level 6 in Fighting
  3060 | D:3      | Reached XP level 6. HP: 50/53 MP: 0/9
  3155 | D:3      | Noticed Sigmund
  3171 | D:3      | Killed Sigmund
  3172 | D:3      | Reached skill level 7 in Fighting
  3172 | D:3      | Reached XP level 7. HP: 49/61 MP: 1/10
  3621 | D:3      | Reached skill level 8 in Fighting
  4204 | D:4      | Reached skill level 9 in Fighting
  4204 | D:4      | Reached XP level 8. HP: 34/71 MP: 1/11
  4298 | D:4      | Found a glowing drain.
  4378 | Sewer    | Entered a sewer
  5039 | Sewer    | Reached skill level 1 in Armour
  6488 | D:5      | Entered Level 5 of the Dungeon
  6651 | D:5      | Noticed Prince Ribbit
  7417 | D:5      | Reached skill level 1 in Ranged Weapons
  7520 | D:5      | Your ally Prince Ribbit died
  8304 | D:5      | Reached skill level 5 in Ranged Weapons
  8304 | D:5      | Reached XP level 9. HP: 38/76 MP: 12/12
  9083 | D:6      | Reached skill level 1 in Shields
  9701 | D:6      | Found a staircase to the Ecumenical Temple.
  9880 | Temple   | Entered the Ecumenical Temple
  9899 | Temple   | Became a worshipper of Ru the Awakened
 11564 | D:7      | You fall into a shaft and drop 2 floors!
 11765 | D:7      | Slain by a wyvern

Illustrated notes

Levels and vault maps discovered:
D:1:      erik_arrival_cave_to_civilisation [erik_arrival_cave_to_hall],
          layout_basic
D:2:      layout_basic, dreamdust_ecumenical_altar_angels_and_demons
D:3:      layout_basic, fiery_altar_vehumet, gammafunk_ghost_smash,
          serial_shops, nicolae_square_shop,
          nicolae_concentric_dashed_squares_wild, uniq_sigmund, uniq_robin,
          uniq_grinder
D:4:      layout_basic, portal_sewer_entry_f
D:5:      layout_basic, minmay_misc_feat_tower, kennysheep_nub,
          minmay_fractal_squares_gapless_5, uniq_prince_ribbit1
D:6:      layout_loops_ring, minmay_temple_entry_ruins
D:7:      layout_loops_ring, enter_bailey_5, ebering_dispersal_statue_hall,
          st_stairs_7, uniq_duvessa
D:8:      layout_basic, uniq_grum, uniq_erica
D:9:      layout_roguey
Temple:   mainiacjoe_temple_circle_huts

Skill      XL: |  1  2  3  4  5  6  7  8  9 |
---------------+----------------------------+-----
Fighting       | 2 3 4 6 7 9 |  9.6
Dodging        | 2 |  2.0
Armour         | 1 2 |  2.0
Stealth        | 3 4 |  4.7
Ranged Weapons | 5 6 |  6.7
Shields        | 4 |  4.6
Spellcasting   | |  2.1
Conjurations   | |  0.8
Alchemy        | |  4.0

Action                     |  1- 3 |  4- 6 |  7- 9 || total
---------------------------+-------+-------+-------++-------
  Melee: Unarmed           |     5 |       |       ||     5
         Dagger            |    24 |    20 |   100 ||   144
         Punch             |       |       |     1 ||     1
   Fire: Sling             |       |       |   376 ||   376
   Cast: Sting             |    54 |    71 |   133 ||   258
Ability: Shaft Self        |       |       |     1 ||     1
  Evoke: Wand              |       |     1 |    13 ||    14
    Use: Potion            |     1 |       |     6 ||     7
         Scroll            |       |       |    13 ||    13
 Armour: Robe              |     3 |       |       ||     3
         Leather armour    |    16 |    35 |   303 ||   354
  Dodge: Dodged            |    38 |    43 |   338 ||   419
  Block: Buckler           |       |       |     1 ||     1
